 Dungeon Crawl Stone Soup version 0.29-a0-520-gc852659d43 (webtiles) character file.

Game seed: 1521049456115281728

4 CrazyBamboolord the Grave Robber (level 1, 0/13 HPs)
             Began as a Mummy Necromancer on May 30, 2022.
             Slain by an endoplasm (2 damage)
             ... on level 1 of the Dungeon on May 31, 2022.
             The game lasted 00:01:03 (155 turns).

CrazyBamboolord the Grave Robber (Mummy Necromancer) Turns: 155, Time: 00:01:03

Health: 0/13       AC:  2    Str: 11    XL:     1   Next: 50%
Magic:  0/4        EV: 12    Int: 14    God:
Gold:   0          SH:  0    Dex: 12    Spells: 4/5 levels left

rFire   x . .      SeeInvis .   (no weapon)
rCold   + . .      Faith    .   (no shield)
rNeg    + + +      Spirit   .   a - +0 robe
rPois   ∞          Reflect  .   (no helmet)
rElec   .          Harm     .   (no cloak)
rCorr   .          Rampage  .   (no gloves)
Will    .....                   (no boots)
Stlth   ++........              (no amulet)
HPRegen 0.04/turn               (no ring)
MPRegen 0.09/turn               (no ring)

@: no status effects
A: cold resistance 1, negative energy resistance 3, torment resistance 2, heat
vulnerability 1, no potions
a: no special abilities


You were on level 1 of the Dungeon.
You visited 1 branch of the dungeon, and saw 1 of its levels.

Inventory:

Armour
 a - a +0 robe (worn)


   Skills:
 * Level 1.5 Dodging
 + Level 1.5 Stealth
 * Level 2.6 Spellcasting
 * Level 4.2 Necromancy


You had 4 spell levels left.
You knew the following spells:

 Your Spells              Type           Power      Damage    Failure   Level
a - Necrotize             Necr           52%        1d6       4%          1

Your spell library contained the following spells:

 Spells                   Type           Power      Damage    Failure   Level
 Vampiric Draining        Necr           13%        2d6       12%         3
 Animate Dead             Necr           13%        N/A       36%         4
 Agony                    Necr           13%        N/A       73%         5


Dungeon Overview and Level Annotations

Branches:
Dungeon (1/15)

Altars:


Innate Abilities, Weirdness & Mutations

You are immune to poison.
Your flesh is cold resistant. (rC+)
You are immune to negative energy. (rN+++)
You are immune to unholy pain and torment.
You are vulnerable to heat. (rF-)
You do not drink.


Message History

The goblin misses you.
You closely miss the goblin.
The goblin is severely wounded.
The goblin hits you but does no damage.
You closely miss the goblin.
The goblin is severely wounded.
The goblin barely misses you.
You miss the goblin.
The goblin is severely wounded.
The goblin hits you with a +0 dagger.
You completely miss the goblin.
The goblin is severely wounded.
The goblin hits you with a +0 dagger.
The endoplasm jiggles.
You hit the goblin but do no damage.
The goblin is severely wounded.
The goblin hits you with a +0 dagger. The goblin attacks as you move away!
The goblin hits you with a +0 dagger.
* * * LOW HITPOINT WARNING * * *
Aiming: Necrotize (safe; 4% risk of failure)
Press: ? - help, Q - select action Shift-Dir - straight line, f/p - goblin
Aim: a goblin, wielding a +0 dagger (severely wounded, chance to affect: 83%)
The goblin writhes in agony.
You kill the goblin!
The dead are walking!
The endoplasm hits you.
* * * LOW HITPOINT WARNING * * *
The endoplasm jiggles.
Your goblin skeleton hits the endoplasm but does no damage.
You see here a giant cockroach corpse.
The endoplasm attacks as you move away! The endoplasm closely misses you.
The endoplasm hits you but does no damage.
You swap places.
Your goblin skeleton hits the endoplasm but does no damage.
The endoplasm freezes you.
You are frozen.
You resist.
* * * LOW HITPOINT WARNING * * *
You swap places.
Your goblin skeleton hits the endoplasm but does no damage.
The endoplasm hits you.
You die...

.......# .. ..#
.)...#######.# #..#
###........#.. #..#
.....#####.##.##..#
≈≈≈≈≈# ###.# ..#..
# ####≈# #...#
#.#.##.# #.. # #≈#
#.#####......#.#...
+ #≈#
#.....##..####.....
#+##≈#
#####.#.J@.........
#.#≈≈#
#...Z.......... #.#
###.†.......... +.#
#............ #.#
#..>.)....... #.#
#............ #'##
#.......??... '..#
#............ #.<#
#############


You could see an endoplasm (ally target) and a friendly goblin skeleton.

Vanquished Creatures
  A giant cockroach (D:1)
  A goblin (D:1)
  A kobold (D:1)
  A rat (D:1)
4 creatures vanquished.

Notes
Turn   | Place    | Note
-------+----------+-------------------------------------------
     0 | D:1      | CrazyBamboolord the Mummy Necromancer began the quest for
                  | the Orb.
     0 | D:1      | Reached XP level 1. HP: 13/13 MP: 4/4
     0 | D:1      | Upgraded the game from 0.29-a0-515-g7c1fb6cc08 to
                  | 0.29-a0-520-gc852659d43
   155 | D:1      | Slain by an endoplasm

Illustrated notes

Levels and vault maps discovered:
D:1:      heliophobic_arrival_glass_houses, layout_basic,
          hellmonk_ecumenical_altar_defaced_shrine, minmay_tromino_v7

Action                   || total
-------------------------++-------
Melee: Unarmed           ||     6
 Cast: Necrotize         ||    12
Armor: Robe              ||     3
Dodge: Dodged            ||     4

Table legend: (Time is in decaauts)
 A = Elapsed time spent in this place.
 B = Non-inter-level travel time spent in this place.
 C = Inter-level travel time spent in this place.
 D = Time resting spent in this place.
 E = Time spent auto-exploring this place.
 F = Levels seen in this place.
 G = Mean time per level.
                   A        B        C        D        E       F      G
               +--------+--------+--------+--------+--------+-----+--------+
         Total |    155 |    155 |      0 |      0 |    120 |   1 |  155.0 |
       Dungeon |    155 |    155 |      0 |      0 |    120 |   1 |  155.0 |
               +--------+--------+--------+--------+--------+-----+--------+

Top non-repeatable levels by time:
     D:1: 155 daAuts
